 Dungeon Crawl Stone Soup version 0.25-a0-681-gdf4e720381 (console) character file.

Game seed: 16670108115911439151, levelgen mode: classic

7 Duffy the Skirmisher (level 1, -1/18 HPs)
             Began as a Demonspawn Fighter on Mar 30, 2020.
             Slain by a leopard gecko (4 damage)
             ... on level 1 of the Dungeon.
             The game lasted 00:00:08 (123 turns).

Duffy the Skirmisher (Demonspawn Fighter)            Turns: 123, Time: 00:00:09

Health: -1/18      AC:  6    Str: 16    XL:     1   Next: 83%
Magic:  1/1        EV:  6    Int:  9    God:
Gold:   10         SH:  8    Dex: 12    Spells: 0/0 levels left

rFire    . . .     SeeInvis .   a - +0 war axe
rCold    . . .     Gourm    .   c - +0 kite shield
rNeg     . . .     Faith    .   b - +0 scale mail
rPois    .         Spirit   .   (no helmet)
rElec    .         Reflect  .   (no cloak)
rCorr    .         Harm     .   (no gloves)
MR       .....                  (no boots)
Stlth    ..........             (no amulet)
HPRegen  0.06/turn              (no ring)
MPRegen  0.07/turn              (no ring)

@: no status effects
A: no striking features
a: no special abilities


You were on level 1 of the Dungeon.
You were not hungry.

You visited 1 branch of the dungeon, and saw 1 of its levels.

You collected 10 gold pieces.

Inventory:

Hand Weapons
 a - a +0 war axe (weapon)
Armour
 b - a +0 scale mail (worn)
 c - a +0 kite shield (worn)
Scrolls
 e - a scroll of identify {unknown}
Potions
 d - a potion of might
Comestibles
 f - 2 rations


   Skills:
 - Level 3.0 Fighting
 + Level 2.4 Axes
 - Level 2.6 Armour
 - Level 2.6 Shields


You couldn't memorise any spells.
You didn't know any spells.
Your spell library was empty.

Dungeon Overview and Level Annotations

Branches:
Dungeon (1/15)

Altars:


Message History

You barely miss the leopard gecko. You hit the hobgoblin.
The hobgoblin hits you but does no damage.
The leopard gecko barely misses you.
You miss the leopard gecko. You closely miss the hobgoblin.
The leopard gecko bites you but does no damage.
The hobgoblin hits you with a cursed -1 short sword.
The leopard gecko barely misses you. You block the hobgoblin's attack.
The leopard gecko closely misses you. You block the hobgoblin's attack.
The leopard gecko closely misses you.
You miss the leopard gecko. The leopard gecko bites you.
The leopard gecko bites you but does no damage.
You barely miss the leopard gecko. The leopard gecko bites you.
You barely miss the leopard gecko. The leopard gecko barely misses you.
The leopard gecko bites you but does no damage.
Your shield and scale mail prevent you from hitting the leopard gecko.
The leopard gecko bites you. You block the leopard gecko's attack.
You closely miss the leopard gecko.
The leopard gecko bites you but does no damage.
The leopard gecko bites you.
You die...

. ##[# #. ..# #
#.#####.# .#
.......####.###
#............#
#........# #.#
##.#........# #.#
.............###.#
#.#.#........gl@.#
###.#.......####.#
###8####......# #.###
....(..##..#### #...#
#######.##.#### ###.#
#.....##.##...# #.#
.#####.##.#...# #.#
##...##.##....## #.#
#.###.##.#.....#####.#


You could see a leopard gecko and a hobgoblin.

Vanquished Creatures
  An ooze (D:1)
  A goblin (D:1)
  A ball python (D:1)
3 creatures vanquished.

Notes
Turn   | Place    | Note
-------+----------+-------------------------------------------
     0 | D:1      | Duffy the Demonspawn Fighter began the quest for the Orb.
     0 | D:1      | Reached XP level 1. HP: 18/18 MP: 1/1
   123 | D:1      | Slain by a leopard gecko

Levels and vault maps discovered:
D:1:      nagdon_arrival_double_spiral, layout_loops_cross, hex_medium

Skill      XL: |  1 |
---------------+----+-----
Axes           | 2 |  2.4
Fighting       | |  3.0
Armour         | |  2.6
Shields        | |  2.6

Action                   || total
-------------------------++-------
Melee: War axe           ||    20
Armor: Scale mail        ||    13
Dodge: Dodged            ||    11
Block: Kite shield       ||    14

Table legend:
 A = Non-vault XP
 B = Vault XP
 C = Vault XP percentage of total XP
 D = Non-vault monster count
 E = Vault monster count
 F = Vault count percentage of total count
                 A         B        C        D         E       F
            +---------+---------+-------+---------+---------+-------
      Total |      10 |       0 |   0.0 |       3 |       0 |   0.0
            +---------+---------+-------+---------+---------+-------
        D:1 |      10 |       0 |   0.0 |       3 |       0 |   0.0
            +---------+---------+-------+---------+---------+-------
